 Dungeon Crawl Stone Soup version 0.29-a0-330-g52719c12eb (webtiles) character file.

Game seed: 6895859253883140194

228 night the Insei (level 6, -1/35 HPs)
             Began as an Octopode Warper on May 9, 2022.
             Slain by a phantom (7 damage)
             ... on level 4 of the Dungeon.
             The game lasted 00:06:22 (4045 turns).

night the Insei (Octopode Warper)                   Turns: 4045, Time: 00:06:23

Health: -1/35      AC:  5    Str: 10      XL:     6   Next: 2%
Magic:  9/9        EV: 13    Int: 17      God:
Gold:   179        SH:  0    Dex:  7 (10) Spells: 2/9 levels left

rFire   . . .      SeeInvis .     - Unarmed
rCold   . . .      Faith    .   (no shield)
rNeg    . . .      Spirit   .   (helmet restricted)
rPois   .          Reflect  .   (no amulet)
rElec   .          Harm     .   c - +4 ring of protection
rCorr   .          Rampage  .   (no ring)
Will    .....                   (no ring)
Stlth   ++........              (no ring)
HPRegen 0.11/turn               (no ring)
MPRegen 0.11/turn               (no ring)
                                (no ring)
                                (no ring)

@: no status effects
A: almost no armour, amphibious, 8 rings, camouflage 1, gelatinous body 1,
(nimble swimmer 1), tentacles, clumsy 1, deterioration 1, frail 1
a: no special abilities


You were on level 4 of the Dungeon.
You visited 1 branch of the dungeon, and saw 4 of its levels.

You collected 179 gold pieces.

Inventory:

Hand Weapons
 d - a +3 dagger of holy wrath
Missiles
 b - 7 boomerangs of dispersal (quivered)
 g - 134 stones
Jewellery
 c - a +4 ring of protection (left tentacle)
 m - a ring of resist corrosion
Wands
 f - a wand of acid (3)
 o - a wand of paralysis (4)
Scrolls
 a - a scroll of blinking
 k - a scroll of enchant weapon
 n - a scroll of identify
 p - 2 scrolls of fear {unknown}
Potions
 e - 2 potions of flight
 h - a potion of attraction {unknown}
 i - a potion of brilliance {unknown}
 j - a potion of haste {unknown}
 l - 2 potions of resistance {unknown}


   Skills:
 - Level 2.0 Fighting
 - Level 1.0 Throwing
 + Level 3.6 Dodging
 * Level 4.5 Unarmed Combat
 - Level 2.0 Spellcasting
 + Level 4.1 Translocations


You had 2 spell levels left.
You knew the following spells:

 Your Spells              Type           Power      Damage    Failure   Level
a - Manifold Assault      Tloc           15%        N/A       69%         5
b - Blink                 Tloc           30%        N/A       5%          2

Your spell library contained the following spells:

 Spells                   Type           Power      Damage    Failure   Level
 Sandblast                Erth           2%         2d4       19%         1
 Shock                    Conj/Air       4%         1d3       19%         1
 Passwall                 Tmut/Erth      0%         N/A       28%         2
 Gell's Gravitas          Tloc           15%        N/A       11%         3
 Lesser Beckoning         Tloc           15%        N/A       11%         3
 Teleport Other           Tloc           15%        N/A       11%         3
 Stone Arrow              Conj/Erth      2%         3d7       50%         3
 Swiftness                Air            1%         N/A       50%         3
 Airstrike                Air            0%         N/A       88%         4


Dungeon Overview and Level Annotations

Branches:
Dungeon (4/15)
 Temple: D:4-7

Altars:
Sif Muna


Innate Abilities, Weirdness & Mutations

You cannot wear most types of armour.
You are amphibious.
You can wear up to eight rings at the same time.
Your skin changes colour to match your surroundings (Stealth+).
Your rubbery body absorbs attacks. (AC +1, EV +1)
((You are camouflaged when in or above water. (Stealth+)))
You have tentacles for arms and can constrict up to eight enemies at once.
You are clumsy. (Dex -2)
Your body sometimes deteriorates upon taking damage.
You are frail. (-10% HP)


Message History

The phantom is moderately damaged.
The phantom hits you.
The phantom blinks!
You blink.
You tentacle-slap the phantom. You squeeze the phantom.
The phantom is heavily damaged.
The phantom closely misses you.
You tentacle-slap the phantom.
The phantom is heavily damaged.
The phantom barely misses you.
You tentacle-slap the phantom.
The phantom is severely damaged.
The phantom hits you.
The phantom blinks!
You blink.
You tentacle-slap the phantom but do no damage.
You squeeze the phantom, but do no damage.
The phantom is severely damaged.
The phantom hits you.
The phantom blinks!
You blink.
You barely miss the phantom.
The phantom is severely damaged.
The phantom hits you.
You are too injured to fight recklessly!
You closely miss the phantom.
The phantom is heavily damaged.
The phantom hits you but does no damage.
You closely miss the phantom.
The phantom is heavily damaged.
The phantom hits you.
* * * LOW HITPOINT WARNING * * *
You closely miss the phantom.
You tentacle-slap the phantom, but do no damage.
The phantom is heavily damaged.
The phantom hits you.
* * * LOW HITPOINT WARNING * * *
You tentacle-slap the phantom.
The phantom is severely damaged.
The phantom barely misses you.
You completely miss the phantom.
The phantom is severely damaged.
You closely miss the phantom.
The phantom is severely damaged.
The phantom hits you!
You die...

## #. ####.
##....
....[.##
#...##
##.@W#
#.....#
#......##
#...##...##
...##
##...# ...#
##..## #...
#...# #..
#...# ##..#


You could see a phantom.

Vanquished Creatures
  Pargi (D:3)
  An orc wizard (D:3)
  2 adders
  2 ufetubi
  2 worms
  A dart slug (D:4)
  5 orcs (D:3)
  7 bats
  6 endoplasms
  8 goblins
  9 hobgoblins
  4 jackals (D:2)
  2 quokkas
  8 ball pythons
  2 frilled lizards
  4 kobolds
  3 rats
67 creatures vanquished.

Notes
Turn   | Place    | Note
-------+----------+-------------------------------------------
     0 | D:1      | night the Octopode Warper began the quest for the Orb.
     0 | D:1      | Reached XP level 1. HP: 14/14 MP: 3/3
   357 | D:1      | Reached XP level 2. HP: 19/19 MP: 5/5
  1132 | D:2      | Reached XP level 3. HP: 24/24 MP: 6/6
  2330 | D:3      | Noticed Pargi
  2340 | D:3      | Gained mutation: Your body sometimes deteriorates upon
                  | taking damage. [potion of mutation]
  2340 | D:3      | Gained mutation: You are frail. (-10% HP) [potion of
                  | mutation]
  2340 | D:3      | Gained mutation: You are clumsy. (Dex -2) [potion of
                  | mutation]
  2354 | D:3      | Killed Pargi
  2355 | D:3      | Reached XP level 4. HP: 26/26 MP: 7/7
  2355 | D:3      | Reached XP level 5. HP: 30/30 MP: 8/8
  2976 | D:3      | Found a faded altar of an unknown god.
  3075 | D:3      | Found a shimmering blue altar of Sif Muna.
  3386 | D:4      | Learned a level 5 spell: Manifold Assault
  3389 | D:4      | Learned a level 2 spell: Blink
  3904 | D:4      | Reached XP level 6. HP: 29/35 MP: 9/9
  4045 | D:4      | Slain by a phantom

Illustrated notes

Levels and vault maps discovered:
D:1:      eino_arrival_cavern_c, layout_basic
D:2:      layout_basic, minmay_tiny_reverse_x
D:3:      layout_basic, lemuel_doored_altar, chequers_ecumenical_altar_lobes,
          minmay_misc_feat_enclosed, uniq_pargi
D:4:      layout_layer_cave

Skill      XL: |  1  2  3  4  5 |
---------------+----------------+-----
Unarmed Combat | 4 |  4.5
Dodging        | 3 |  3.6
Translocations | 4 |  4.1
Fighting       | |  2.0
Throwing       | |  1.0
Spellcasting   | |  2.0

Action                   |  1- 3 |  4- 6 || total
-------------------------+-------+-------++-------
Melee: Unarmed           |    89 |    95 ||   184
       Tentacles         |    22 |    16 ||    38
       Constrict         |    19 |    13 ||    32
       Punch             |     3 |     4 ||     7
Evoke: Wand              |     3 |     1 ||     4
  Use: Potion            |     5 |     1 ||     6
       Scroll            |     3 |       ||     3
 Stab: Sleeping          |     4 |     2 ||     6
Armor: Skin              |    24 |    32 ||    56
Dodge: Dodged            |    55 |    81 ||   136

Table legend: (Time is in decaauts)
 A = Elapsed time spent in this place.
 B = Non-inter-level travel time spent in this place.
 C = Inter-level travel time spent in this place.
 D = Time resting spent in this place.
 E = Time spent auto-exploring this place.
 F = Levels seen in this place.
 G = Mean time per level.
                   A        B        C        D        E       F      G
               +--------+--------+--------+--------+--------+-----+--------+
         Total |   4033 |   3932 |    101 |    481 |   2933 |   4 | 1008.2 |
       Dungeon |   4033 |   3932 |    101 |    481 |   2933 |   4 | 1008.2 |
               +--------+--------+--------+--------+--------+-----+--------+

Top non-repeatable levels by time:
     D:2: 1138 daAuts
     D:1: 1116 daAuts
     D:3: 1048 daAuts
     D:4: 730 daAuts
